 Dungeon Crawl Stone Soup version 0.27.0-1-g7a089689b8 (console) character file.

Game seed: 9380454894113108591

90 asdu the Conjurer (level 4, -7/27 HPs)
             Began as a Demonspawn Conjurer on Aug 11, 2021.
             Mangled by Grinder (8 damage)
             ... on level 3 of the Dungeon.
             The game lasted 00:08:04 (2669 turns).

asdu the Conjurer (Demonspawn Conjurer)             Turns: 2669, Time: 00:08:04

Health: -7/27      AC:  2    Str:  7    XL:     4   Next: 32%
Magic:  4/9        EV: 12    Int: 21    God:
Gold:   92         SH:  0    Dex: 11    Spells: 6/9 levels left

rFire    . . .     SeeInvis +   j - +0 short sword
rCold    . . .     Faith    .   (no shield)
rNeg     . . .     Spirit   .   a - +0 robe
rPois    .         Reflect  .   (helmet restricted)
rElec    .         Harm     .   (no cloak)
rCorr    .         Rampage  .   (no gloves)
Will     .....                  (no boots)
Stlth    ++........             (no amulet)
HPRegen  0.09/turn              (no ring)
MPRegen  0.11/turn              (no ring)

@: hasted, very quick
A: antennae 1, ignite blood 1, see invisible, frail 1
a: no special abilities


You were on level 3 of the Dungeon.
You visited 1 branch of the dungeon, and saw 3 of its levels.

You collected 92 gold pieces.

Inventory:

Hand Weapons
 b - a +0 dagger
 j - a +0 short sword (weapon)
 n - a +0 halberd
Missiles
 k - 10 poisoned darts
Armour
 a - a +0 robe (worn)
Scrolls
 d - a scroll of noise {unknown}
 e - a scroll of fog {unknown}
 f - a scroll of teleportation {unknown}
 h - 2 scrolls of identify {unknown}
 l - a scroll of silence {unknown}
Potions
 c - 2 potions of mutation
 i - a potion of curing {unknown}
 m - a potion of brilliance {unknown}


   Skills:
 - Level 1.7 Dodging
 - Level 1.7 Stealth
 + Level 3.3 Spellcasting
 + Level 5.0 Conjurations


You had 6 spell levels left.
You knew the following spells:

 Your Spells              Type           Power      Damage    Failure   Level
c - Searing Ray           Conj           48%        3d5       2%          2
x - Magic Dart            Conj           96%        1d7       1%          1

Your spell library contained the following spells:

 Spells                   Type           Power      Damage    Failure   Level
 Dazzling Flash           Conj/Hex       28%        N/A       14%         3
 Corpse Rot               Necr/Air       N/A        N/A       19%         2
 Fulminant Prism          Conj/Hex       7%         3d7       41%         4
 Iskenderun's Mystic Bla  Conj/Tloc      14%        2d5       41%         4
 Dispel Undead            Necr           3%         3d7       77%         4
 Summon Ice Beast         Ice/Summ       3%         N/A       77%         4
 Summon Mana Viper        Hex/Summ       3%         N/A       98%         5
 Death Channel            Necr           1%         N/A       100%        6
 Monstrous Menagerie      Summ           1%         N/A       100%        7


Dungeon Overview and Level Annotations

Branches:
Dungeon (3/15)

Altars:

Annotations:
D:3 Grinder, Jessica


Innate Abilities, Weirdness & Mutations

You have a pair of small antennae on your head.
Your demonic aura sometimes causes spilled blood to erupt in flames.
You have supernaturally acute eyesight. (SInv)
You are frail. (-10% HP)


Message History

Nothing appears to happen.
Grinder blinks!
There is an open door here.
Your magical contamination has completely faded away.
Grinder gestures at you. Pain shoots through your body!
Things that are here:
a +0 spear; a gnoll corpse You see here a gnoll corpse.
Grinder says, "Mostly I couldn't keep them alive."
Grinder gestures at you.
You suddenly lose the ability to move!
Grinder grins, showing sharp teeth.
You can move again.
There is a stone staircase leading up here.
Casting: Searing Ray (safe; 2% risk of failure)
Confirm with . or Enter, or press ? or * to list all spells.
Aiming: Searing Ray (safe; 2% risk of failure)
Press: ? - help, Shift-Dir - straight line, f/p - Grinder
Aim: Grinder (77% to hit)
The searing ray misses Grinder. (Press . to maintain the ray.) Grinder gestures at you.
Pain shoots through your body!
The searing ray hits Grinder!
Grinder is moderately wounded.
Grinder misses you.
The searing ray hits Grinder.
Grinder is moderately wounded.
Grinder gestures at you. You resist with significant effort.
The searing ray hits Grinder.
Grinder is heavily wounded.
You finish channeling your searing ray.
Grinder hits you!
* * * LOW HITPOINT WARNING * * *
It was a potion of mutation.
You feel extremely strange.
You feel frail.
Your vision sharpens.
Grinder barely misses you.
It was a potion of haste.
You feel yourself speed up. Grinder hits you!
You die...

##.......##
##.#.##
##...†.##
##...#
##...##
#.#.# ##'##
#...# #.#
###)# #.#
#†# #.# #.#
...
##.######.#
...
.......@5.#
...
##.########
.#.#.


You could see Grinder.

Vanquished Creatures
  2 gnolls (D:3)
  2 adders (D:2)
  A worm (D:2)
  2 dart slugs
  A ball python (D:1)
  4 bats
  7 endoplasms
  3 giant cockroaches
  9 goblins
  4 hobgoblins
  2 kobolds
  2 quokkas
  2 frilled lizards (D:2)
41 creatures vanquished.

Notes
Turn   | Place    | Note
-------+----------+-------------------------------------------
     0 | D:1      | asdu the Demonspawn Conjurer began the quest for the Orb.
     0 | D:1      | Reached XP level 1. HP: 13/13 MP: 3/3
   476 | D:1      | Gained mutation: You have a pair of small antennae on your
                  | head. [demonic ancestry]
   476 | D:1      | Reached XP level 2. HP: 19/19 MP: 1/5
   556 | D:1      | Learned a level 2 spell: Searing Ray
  1720 | D:2      | Gained mutation: Your demonic aura sometimes causes spilled
                  | blood to erupt in flames. [demonic ancestry]
  1720 | D:2      | Reached XP level 3. HP: 24/24 MP: 2/7
  2388 | D:2      | Reached XP level 4. HP: 30/30 MP: 4/8
  2514 | D:3      | Noticed Jessica
  2524 | D:3      | Reached skill level 5 in Conjurations
  2638 | D:3      | Noticed Grinder
  2658 | D:3      | Paralysed by Grinder for 5 turns
  2667 | D:3      | HP: 1/30 [Grinder (9)]
  2668 | D:3      | Gained mutation: You are frail. (-10% HP) [potion of
                  | mutation]
  2668 | D:3      | Gained mutation: You have supernaturally acute eyesight.
                  | (SInv) [potion of mutation]
  2669 | D:3      | Mangled by Grinder

Illustrated notes

Levels and vault maps discovered:
D:1:      amcnicky_arrival_abandoned_market, layout_basic
D:2:      layout_loops_ring
D:3:      layout_loops_corners, lemuel_crystal_altar, xom_butterflies,
          serial_shops, shop, shapermc_ecumenical_altar_notcrosses,
          uniq_grinder, uniq_robin, uniq_jessica, uniq_crazy_yiuf_cottage

Skill      XL: |  1  2  3  4 |
---------------+-------------+-----
Spellcasting   | 3 |  3.3
Conjurations   | 5 |  5.0
Dodging        | |  1.7
Stealth        | |  1.7

Action                   |  1- 3 |  4- 6 || total
-------------------------+-------+-------++-------
Melee: Dagger            |    12 |       ||    12
       Short sword       |     6 |     1 ||     7
 Cast: Magic Dart        |    36 |     1 ||    37
       Searing Ray       |    17 |     3 ||    20
  Use: Potion            |       |     2 ||     2
 Stab: Sleeping          |       |     1 ||     1
Armor: Robe              |     7 |     1 ||     8
Dodge: Dodged            |    20 |     2 ||    22
